 Dungeon Crawl Stone Soup version 0.28-a0-1206-g193881aaa2 (webtiles) character file.

Game seed: 7760651868468515944

7507 porpoise the Thaumaturge (level 10, -6/59 HPs)
             Began as a Deep Elf Conjurer on Dec 21, 2021.
             Was a Follower of Vehumet.
             Mangled by a cane toad (17 damage)
             ... on level 1 of the Lair of Beasts.
             The game lasted 00:36:31 (12928 turns).

porpoise the Thaumaturge (Deep Elf Conjurer)       Turns: 12928, Time: 00:36:32

Health: -6/59      AC:  9    Str:  6    XL:     10   Next: 95%
Magic:  29/37      EV: 12    Int: 26    God:    Vehumet [*.....]
Gold:   393        SH:  0    Dex: 13    Spells: 19/33 levels left

rFire   . . .      SeeInvis .   b - +0 hunting sling
rCold   . . .      Faith    .   (no shield)
rNeg    . . .      Spirit   .   c - +0 robe
rPois   +          Reflect  .   l - +0 helmet
rElec   .          Harm     .   o - +1 cloak
rCorr   .          Rampage  .   I - +1 pair of gloves
Will    +....                   G - +1 pair of boots
Stlth   ++++......              A - amulet of magic regeneration
HPRegen 0.19/turn               F - ring of magical power
MPRegen 0.65/turn               M - ring of poison resistance

@: no status effects
A: no striking features
a: Renounce Religion


You were on level 1 of the Lair of Beasts.
You worshipped Vehumet.
Vehumet was aware of your devotion.
You visited 3 branches of the dungeon, and saw 12 of its levels.

You collected 393 gold pieces.

Inventory:

Hand Weapons
 a - a +2 vampiric spear
 b - a +0 hunting sling (weapon)
 s - a +3 dagger
Missiles
 d - 372 stones (quivered ammo)
 j - 75 bolts
 m - 179 arrows
 q - 30 sling bullets
 t - 10 boomerangs
 v - a throwing net
 H - 29 poisoned darts
 L - 3 silver boomerangs
Armour
 c - a +0 robe (worn)
 l - a +0 helmet (worn)
 o - a +1 cloak (worn)
 G - a +1 pair of boots (worn)
 I - a +1 pair of gloves (worn)
Magical Staves
 h - a staff of fire
 k - a staff of death
Jewellery
 A - an amulet of magic regeneration (around neck)
 B - a +6 ring of dexterity
 C - an amulet of reflection
 D - a ring of fire
 F - a ring of magical power (left hand)
 M - a ring of poison resistance (right hand)
 O - a ring of ice
Wands
 z - a wand of digging (4)
 J - a wand of iceblast (15)
 K - a wand of acid (8)
 P - a wand of paralysis (8)
Scrolls
 e - 2 scrolls of enchant armour
 u - a scroll of amnesia
 w - 5 scrolls of blinking
 x - 3 scrolls of magic mapping
 y - a scroll of vulnerability
Potions
 f - 3 potions of brilliance
 g - a potion of attraction
 i - 4 potions of curing
 n - a potion of degeneration {unknown}
 p - 2 potions of berserk rage
 r - 2 potions of heal wounds
 E - a potion of mutation {unknown}
 N - 2 potions of might


   Skills:
 - Level 5.0 Fighting
 - Level 2.4 Dodging
 + Level 8.2 Stealth
 - Level 12.0 Spellcasting
 - Level 7.0 Conjurations
 * Level 8.3 Hexes
 - Level 5.0 Translocations
 * Level 4.9 Earth Magic
 - Level 5.0 Evocations


You had 19 spell levels left.
You knew the following spells:

 Your Spells              Type           Power      Damage    Failure   Level
a - Magic Dart            Conj           100%       1d8       1%          1
b - Searing Ray           Conj           100%       2d8       1%          2
c - Fulminant Prism       Conj/Hex       26%        3d14      1%          4
d - Iskenderun's Mystic   Conj/Tloc      46%        2d10      3%          4
s - Stone Arrow           Conj/Erth      92%        3d12      1%          3

Your spell library contained the following spells:

 Spells                   Type           Power      Damage    Failure   Level
 Foxfire                  Conj/Fire      100%       2x1d9     1%          1
 Apportation              Tloc           82%        N/A       1%          1
 Sandblast                Erth           82%        2d17      1%          1
 Slow                     Hex            100%       N/A       1%          1
 Passwall                 Tmut/Erth      23%        N/A       1%          2
 Confusing Touch          Hex            56%        N/A       1%          3
 Dazzling Flash           Conj/Hex       100%       N/A       1%          3
 Portal Projectile        Hex/Tloc       100%       N/A       1%          3
 Vampiric Draining        Necr           15%        2d7       11%         3
 Alistair's Intoxication  Tmut/Pois      10%        N/A       71%         5
 Blade Hands              Tmut           7%         N/A       71%         5
 Excruciating Wounds      Necr           7%         N/A       71%         5


Dungeon Overview and Level Annotations

Branches:
Dungeon (10/15)            Temple (1/1) D:7            Lair (1/6) D:8
    Orc: D:9-12

Altars:
Cheibriados
Dithmenos
Elyvilon
Fedhas
Hepliaklqana
Makhleb
Nemelex Xobeh
Okawaru
Qazlal
Ru
Sif Muna
Trog
Uskayaw
Vehumet
Xom
Zin
The Shining One

Shops:
D:8 (

Annotations:
D:8 2 transporters, spaghetti's ghost, amateur OpDe


Message History

Your fulminant prism crackles loudly.
Your fulminant prism explodes!
The blast of energy engulfs the electric eel!!
You kill the electric eel!
Vehumet accepts your kill.
The blast of energy engulfs the cane toad!
The cane toad is moderately wounded.
You hear a croak.
Casting: Fulminant Prism (dangerous; 1% risk of failure)
Confirm with . or Enter, or press ? or * to list all spells.
Aiming: Fulminant Prism (dangerous; 1% risk of failure)
Press: ? - help, Dir - move target You conjure a prism of explosive energy!
A fulminant prism comes into view.
Casting: Fulminant Prism (dangerous; 1% risk of failure)
Confirm with . or Enter, or press ? or * to list all spells.
Aiming: Searing Ray (safe; 1% risk of failure)
Press: ? - help, Shift-Dir - straight line, f - cane toad
Aim: a cane toad (moderately wounded, ally target, 85% to hit)
The searing ray hits the cane toad!
The cane toad is heavily wounded. (Press . to maintain the ray.)
Your fulminant prism crackles loudly.
The searing ray hits the cane toad!
The cane toad is severely wounded.
The cane toad barely misses you.
Your fulminant prism explodes!
The blast of energy engulfs the cane toad!
The cane toad is almost dead.
You hear an angry hiss.
You hear a loud, deep croak!
You hear a croak.
You hear a bellow!
You hear a loud, deep croak!
The searing ray hits the cane toad.
The cane toad is almost dead.
The cane toad stings you!!
* * * LOW HITPOINT WARNING * * *
The searing ray hits the cane toad.
The cane toad is almost dead.
You finish channelling your searing ray.
The cane toad stings you!
You die...

.... .. P... #.#
#######... ...#
##.#....# ##..#
####......P##
#....###....#......##
#.......####.......#
..###...P##........#
###..@##.........#
##..≈.F...........#
#.≈≈≈≈..≈........##
#^.≈≈≈≈≈≈.........#
#.≈≈≈≈≈≈..........#
#.≈≈≈≈≈.>..#.....##
#.≈≈≈≈≈≈...###<.#.#
#.≈≈≈≈≈≈≈..# ##.###
#..≈≈≈≈≈≈..# ###


You could see a cane toad.

Vanquished Creatures
  3 shadows
  23 yaks
  A steam dragon (D:6)
  3 water moccasins
  An ice beast (D:5)
  4 orc warriors
  2 black bears
  A sky beast (D:5)
  2 necrophages
  An ogre (D:6)
  2 centaurs
  A phantom (D:3)
  A kobold brigand (D:8)
  A gnoll sergeant (D:10)
  A scorpion (D:5)
  2 bullfrogs
  A water moccasin zombie (D:6)
  A water moccasin skeleton (D:5)
  10 killer bees (D:9)
  7 wights (D:6)
  An electric eel (Lair:1)
  4 hounds
  5 orc priests
  3 jellies
  A centaur skeleton (D:6)
  Crazy Yiuf (D:2)
  2 iguanas (D:5)
  2 orc wizards
  A hound zombie (D:5)
  3 howler monkey zombies
  Robin (D:2)
  A howler monkey skeleton (D:4)
  4 adders
  9 gnolls
  A shadow imp (D:7)
  An ufetubus (D:5)
  A worm (D:5)
  3 dart slugs
  25 orcs
  7 bats
  5 endoplasms
  6 giant cockroaches
  14 goblins
  9 hobgoblins
  3 jackals (D:1)
  2 quokkas
  8 ball pythons
  4 frilled lizards
  11 kobolds
  3 rats (D:1)
209 creatures vanquished.

Vanquished Creatures (others)
  33 fulminant prisms
  5 fungi (D:4)
  8 plants
46 creatures vanquished.

Grand Total: 255 creatures vanquished

Notes
Turn   | Place    | Note
-------+----------+-------------------------------------------
     0 | D:1      | porpoise the Deep Elf Conjurer began the quest for the Orb.
     0 | D:1      | Reached XP level 1. HP: 10/10 MP: 6/6
   203 | D:1      | Reached XP level 2. HP: 15/15 MP: 6/8
   206 | D:1      | Learned a level 2 spell: Searing Ray
   271 | D:1      | Reached skill level 5 in Conjurations
   576 | D:1      | Reached XP level 3. HP: 19/19 MP: 7/9
   921 | D:2      | Found a snail-covered altar of Cheibriados.
  1019 | D:2      | Found a runed translucent door.
  1020 | D:2      | Noticed Crazy Yiuf
  1164 | D:2      | You fall into a shaft and drop 1 floor!
  1266 | D:3      | Found a stormy altar of Qazlal.
  1412 | D:2      | Reached XP level 4. HP: 24/24 MP: 7/11
  1548 | D:2      | Learned a level 4 spell: Fulminant Prism
  1570 | D:2      | Noticed Robin
  1646 | D:2      | Killed Robin
  1647 | D:2      | Reached skill level 1 in Hexes
  1648 | D:2      | Reached skill level 4 in Spellcasting
  1864 | D:2      | Found a faded altar of an unknown god.
  2042 | D:2      | Learned a level 4 spell: Iskenderun's Mystic Blast
  2612 | D:2      | Killed Crazy Yiuf
  2613 | D:2      | Reached XP level 5. HP: 17/28 MP: 7/13
  2845 | D:3      | Noticed a phantom
  2852 | D:3      | Killed a phantom
  2853 | D:3      | Reached skill level 5 in Spellcasting
  2971 | D:3      | Found a shimmering altar of Xom.
  3111 | D:4      | Found a blossoming altar of Fedhas.
  3127 | D:4      | Reached XP level 6. HP: 32/32 MP: 5/16
  4809 | D:5      | Entered Level 5 of the Dungeon
  4813 | D:5      | Reached skill level 6 in Spellcasting
  4954 | D:5      | Noticed a sky beast
  4964 | D:5      | Killed a sky beast
  4965 | D:5      | Reached skill level 5 in Hexes
  4965 | D:5      | Reached XP level 7. HP: 29/36 MP: 9/18
  5285 | D:5      | Reached skill level 7 in Spellcasting
  5372 | D:5      | Reached skill level 1 in Translocations
  5682 | D:5      | Found a shimmering blue altar of Sif Muna.
  5691 | D:5      | Reached skill level 5 in Stealth
  6158 | D:6      | Reached XP level 8. HP: 41/41 MP: 16/20
  6207 | D:6      | Found a shadowy altar of Dithmenos.
  6580 | D:6      | Found a glowing golden altar of the Shining One.
  6581 | D:6      | Found a white marble altar of Elyvilon.
  6582 | D:6      | Found a glowing silver altar of Zin.
  6901 | D:6      | Reached skill level 5 in Translocations
  7202 | D:6      | Found a sparkling altar of Nemelex Xobeh.
  7601 | D:7      | Found a staircase to the Ecumenical Temple.
  7644 | Temple   | Entered the Ecumenical Temple
  7696 | Temple   | Became a worshipper of Vehumet
  7794 | D:7      | Reached skill level 8 in Spellcasting
  7794 | D:7      | Reached skill level 1 in Evocations
  7906 | D:7      | Reached XP level 9. HP: 45/45 MP: 16/23
  8518 | D:8      | Found a transporter.
  8648 | D:8      | Found an iron altar of Okawaru.
  8656 | D:8      | Noticed spaghetti's ghost (amateur OpDe)
  8657 | D:8      | Found a bloodstained altar of Trog.
  8657 | D:8      | Noticed a moth of wrath
  8669 | D:8      | Reached skill level 1 in Fighting
  8958 | D:8      | Found a transporter.
  9278 | D:8      | Found a sacrificial altar of Ru.
  9421 | D:8      | Reached skill level 9 in Spellcasting
  9480 | D:8      | Found Imemawewk's Hydra Hut.
  9481 | D:8      | Noticed a seven-headed hydra
  9580 | D:8      | Reached skill level 10 in Spellcasting
  9638 | D:8      | Learned a level 3 spell: Stone Arrow
  9728 | D:8      | Found a staircase to the Lair.
  9992 | D:9      | Reached XP level 10. HP: 57/57 MP: 11/26
 10000 | D:9      | Reached skill level 11 in Spellcasting
 11641 | D:9      | Reached skill level 5 in Fighting
 11760 | D:10     | Entered Level 10 of the Dungeon
 11811 | D:10     | Reached * piety under Vehumet
 11811 | D:10     | Offered knowledge of Foxfire by Vehumet.
 11915 | D:10     | Reached skill level 1 in Earth Magic
 11942 | D:10     | Found a hide-covered altar of Uskayaw.
 11971 | D:10     | Reached skill level 5 in Evocations
 12254 | D:10     | Reached skill level 12 in Spellcasting
 12897 | Lair:1   | Entered Level 1 of the Lair of Beasts
 12921 | Lair:1   | Noticed a cane toad
 12928 | Lair:1   | Mangled by a cane toad

Illustrated notes

Levels and vault maps discovered:
D:1:      elethiomel_arrival_shortcut, layout_rooms
D:2:      layout_basic, serial_forest, infiniplex_forest_straight_3,
          infiniplex_forest_clump_C, infiniplex_forest_clump_C,
          infiniplex_forest_clump_long, infiniplex_forest_clump_medium,
          infiniplex_forest_lined_4_way, infiniplex_forest_lined_room_3,
          infiniplex_forest_clump_C, shapermc_ecumenical_altar_notcrosses,
          basic_altar, solitary_fountain, uniq_crazy_yiuf_cottage, uniq_robin
D:3:      layout_basic, mainiacjoe_overflow_alcove_1,
          nicolae_qazlal_general_emergency
D:4:      layout_basic, fedhas_altar_3, ebering_dispersal_statue_hall
D:5:      layout_gridville, mainiacjoe_overflow_brackets
D:6:      layout_rooms, good_gods_temple_1, lemuel_crystal_altar,
          mainiacjoe_overflow_24_doors
D:7:      layout_gridville, minmay_temple_entry_purple_smoke
D:8:      layout_basic, nicolae_ru_sacrificial_ziggurat, lemuel_round_altar,
          lair_entry_dummy, gammafunk_ghost_wrathful_warriors,
          chequers_serial_rivers_large_a, doesnt_shop_hydraphobe
D:9:      layout_grid_maze
D:10:     layout_basic, lemuel_crystal_altar
Temple:   dpeg_chambers_temple
Lair:1:   layout_cave_pods, grunt_megastairs_4, infiniplex_staircase_pool

Skill      XL: |  1  2  3  4  5  6  7  8  9 10 |
---------------+-------------------------------+-----
Conjurations   | 5 7 |  7.0
Hexes          | 2 3 5 6 7 8 |  8.3
Spellcasting   | 4 5 6 7 8 10 12 | 12.0
Stealth        | 3 4 5 7 8 |  8.2
Translocations | 2 5 |  5.0
Evocations     | 1 4 5 |  5.0
Fighting       | 4 5 |  5.0
Earth Magic    | 4 |  4.9
Dodging        | |  2.4

Action                   |  1- 3 |  4- 6 |  7- 9 | 10-12 || total
-------------------------+-------+-------+-------+-------++-------
Melee: Dagger            |       |     1 |       |       ||     1
 Fire: Hunting sling     |       |    12 |    51 |    17 ||    80
 Cast: Magic Dart        |    51 |    22 |       |       ||    73
       Searing Ray       |     6 |    35 |    54 |    20 ||   115
       Iskenderun's Myst |       |       |     2 |     2 ||     4
       Fulminant Prism   |       |       |    13 |    20 ||    33
       Stone Arrow       |       |       |       |     5 ||     5
  Use: Scroll            |       |     3 |     9 |     3 ||    15
Armor: Robe              |     1 |     4 |    11 |     2 ||    18
Dodge: Dodged            |     1 |    15 |    22 |    24 ||    62

Table legend: (Time is in decaauts)
 A = Elapsed time spent in this place.
 B = Non-inter-level travel time spent in this place.
 C = Inter-level travel time spent in this place.
 D = Time resting spent in this place.
 E = Time spent auto-exploring this place.
 F = Levels seen in this place.
 G = Mean time per level.
                   A        B        C        D        E       F      G
               +--------+--------+--------+--------+--------+-----+--------+
         Total |  12964 |  12495 |    469 |   5165 |   5444 |  12 | 1080.3 |
       Dungeon |  12832 |  12411 |    421 |   5165 |   5382 |  10 | 1283.2 |
        Temple |     99 |     52 |     47 |      0 |     44 |   1 |   99.0 |
          Lair |     31 |     31 |      0 |      0 |     18 |   1 |   31.0 |
               +--------+--------+--------+--------+--------+-----+--------+

Top non-repeatable levels by time:
     D:8: 1936 daAuts
     D:4: 1729 daAuts
     D:9: 1673 daAuts
     D:2: 1658 daAuts
     D:5: 1328 daAuts
     D:6: 1254 daAuts
    D:10: 1089 daAuts
     D:1: 925 daAuts
     D:7: 740 daAuts
     D:3: 496 daAuts
  Temple: 99 daAuts
  Lair:1: 31 daAuts
